[Event "*** Titled Tuesday Blitz"]
[Site "Chess.com"]
[Date "2021.03.09"]
[Round "7"]
[White "eduardoperalta"]
[Black "jposthuma"]
[Result "0-1"]
[WhiteElo "2530"]
[BlackElo "2666"]
[TimeControl "180+1"]
[EndTime "11:22:17 PST"]
[Termination "jposthuma won by resignation"]

1. d4 Nf6 2. c4 c5 3. d5 b5 4.
Nf3 g6 5. a4 Qa5+ 6. Bd2 b4 7. b3 Bg7 8. Ra2 O-O 9. g3 e6 10.
dxe6 fxe6 11. Bg2 Bb7 12. O-O d5 13. Ne5 Ne4 14. f4 Qc7 15. cxd5 exd5 16. Rc2 Bxe5 17.
fxe5 Rxf1+ 18. Qxf1 Nxd2 19. Nxd2 Qxe5 20. Nc4 Qe7 21. Na5 Na6 22. Nxb7 Qxb7 23. Qf3 Rd8 24. Qf6 Qb6 25. Qe5 Qd6 26. Qg5 Nc7 27. h4 Ne6 28. Qf6 Rf8 29. Qb2 Nd4 30. Rd2 Qxg3 31. Rxd4 Qe3+ 32.
Kh1 Qxd4 33. Qc2 Qxh4+ 34. Kg1 Qd4+ 35. Kh1 Rf2 36. Qc1 Qh4+ 37. Kg1 Qd4 38. e3 Rxg2+ 39. Kxg2 Qe4+ 40. Kf2 c4 41. Qd2 cxb3 42. Kg1 Qb1+ 43.
Kf2 Qc2 44. Ke2 Qxd2+ 45. Kxd2 h5 46. Kc1 h4 47. Kb2 h3 48. Kxb3 h2 49. Kxb4 h1=Q 50.
Kb5 Qe4 51. Ka6 Qxe3 52. a5 Qa3 53. Kb7 Qxa5 54. Ka8 Qb5 0-1

[Event "*** Titled Tuesday Blitz"]
[Site "Chess.com"]
[Date "2021.03.09"]
[Round "7"]
[White "tlomigtlis"]
[Black "rynos0411"]
[Result "0-1"]
[WhiteElo "2584"]
[BlackElo "2459"]
[TimeControl "180+1"]
[EndTime "11:22:17 PST"]
[Termination "rynos0411 won by checkmate"]

1. d4 d5 2. c4 c6 3. Nf3 Nf6 4. Nc3 e6 5. Bg5 Nbd7 6. e3 Qa5 7. cxd5 Nxd5 8. Rc1 Nxc3 9. bxc3 Ba3 10. Rc2 b6 11.
Bd3 Ba6 12. O-O O-O 13. c4 Bd6 14. e4 e5 15. c5 Bxd3 16. Qxd3 Bc7 17. cxb6 Bxb6 18.
Bd2 Qa4 19. dxe5 Rfd8 20. Qe2 Qxc2 21. Rc1 Qa4 22. e6 fxe6 23. Ng5 Nf8 24. Bc3 Bd4 25. Qh5 Bxc3 26. Qf7+ Kh8 27. h4 Rd1+ 28. Rxd1 Qxd1+ 29.
Kh2 Qd6+ 30. f4 Qd7 31. Qh5 g6 32. Qf3 Bf6 33. Nh3 Bxh4 34. Qc3+ Kg8 35. g3 Be7 36. Nf2 Rd8 37. Kh3 e5+ 38. g4 exf4 39. Kg2 Ne6 40. Qc4 Kg7 41. g5 Nxg5 42. Qc3+ Bf6 43. e5 Qd5+ 44.
Kg1 Bxe5 45. Qa3 Nf3+ 46. Kf1 Nd2+ 47. Kg1 Rd7 48. Kh2 Qf3 49. Qc5 Qd5 50. Qa3 f3+ 51.
Kh1 Ne4 52. Nxe4 Qxe4 53. Qc1 Qe2 54. Qg1 Rd1 55. a4 Rxg1+ 56. Kxg1 Qg2# 0-1

[Event "*** Titled Tuesday Blitz"]
[Site "Chess.com"]
[Date "2021.03.09"]
[Round "7"]
[White "Kale36"]
[Black "Majesth"]
[Result "1/2-1/2"]
[WhiteElo "2315"]
[BlackElo "2523"]
[TimeControl "180+1"]
[EndTime "11:22:17 PST"]
[Termination "Game drawn by repetition"]

1. b3 e5 2. Bb2 Nc6 3. e3 Nf6 4.
Bb5 Bd6 5. Na3 e4 6. Nc4 Be7 7. f4 Nb8 8. Ne5 c6 9. Be2 d6 10. Ng4 Nxg4 11. Bxg4 O-O 12. Nh3 f5 13. Be2 Bf6 14.
Bxf6 Qxf6 15. O-O d5 16. c3 Be6 17. g4 Nd7 18. g5 Qf7 19. Bh5 g6 20. Be2 c5 21.
Nf2 Qg7 22. Qc1 h6 23. h4 hxg5 24. hxg5 Kf7 25. Kg2 d4 26. cxd4 cxd4 27. Bc4 Rac8 28. Bxe6+ Kxe6 29. Qb2 Rc7 30. Rac1 Rfc8 31. Rxc7 Rxc7 32.
Rc1 Rxc1 33. Qxc1 d3 34. Qc4+ Kd6 35. Nd1 Qa1 36. Nc3 Qe1 37. Qd4+ Kc7 38. Nd5+ Kc6 39. Ne7+ Kc7 40. Qc3+ Kd8 41. Nxg6 Qe2+ 42. Kg1 Qe1+ 43. Kh2 Qe2+ 44. Kh3 Qf3+ 45. Kh2 Qe2+ 46. Kh1 Qf3+ 47. Kg1 Qd1+ 48. Kh2 Qe2+ 1/2-1/2

[Event "*** Titled Tuesday Blitz"]
[Site "Chess.com"]
[Date "2021.03.09"]
[Round "7"]
[White "Steegersee"]
[Black "Cherone"]
[Result "0-1"]
[WhiteElo "2264"]
[BlackElo "2476"]
[TimeControl "180+1"]
[EndTime "11:22:18 PST"]
[Termination "Cherone won on time"]

1. c4 e5 2. Nc3 Bb4 3. Nf3 Bxc3 4. bxc3 e4 5. Nd4 Nf6 6. g3 c5 7. Nc2 d5 8. cxd5 Qxd5 9. Bg2 O-O 10. d3 Qe5 11. O-O Qxc3 12. dxe4 Nc6 13. Bd2 Qe5 14. f4 Qe7 15. e5 Ne8 16. Ne3 Nc7 17. Bc3 Rd8 18.
Qb1 Nd4 19. Bxd4 cxd4 20. Nc4 Nd5 21. Nd6 Ne3 22. Rc1 Nxg2 23. Kxg2 Rxd6 24. exd6 Qxe2+ 25. Kg1 Qe3+ 26. Kg2 b6 27. Rc7 Be6 28. Qb5 Bg4 29. Rc2 Qe4+ 30. Kg1 Qxc2 31. Qd5 Rd8 32. Qg5 Rxd6 33.
Qxg4 h6 34. Qf3 d3 35. Qa8+ Kh7 36. Qe4+ g6 37. Qe7 Qc5+ 38. Kf1 Kg7 39. Qe1 d2 40. Qe2 Qd4 41. Rd1 Qd3 42. Kf2 Qxe2+ 43. Kxe2 Kf6 44. Rxd2 Rxd2+ 45. Kxd2 Kf5 46. Ke3 Kg4 47. Kf2 Kh3 48.
Kg1 b5 0-1

[Event "*** Titled Tuesday Blitz"]
[Site "Chess.com"]
[Date "2021.03.09"]
[Round "7"]
[White "amintabatabaei"]
[Black "Gabrielian_Artur"]
[Result "1-0"]
[WhiteElo "3014"]
[BlackElo "2808"]
[TimeControl "180+1"]
[EndTime "11:22:19 PST"]
[Termination "amintabatabaei won by resignation"]

1. d4 Nf6 2. Nf3 g6 3. c4 Bg7 4. Nc3 O-O 5. e4 d6 6. Be2 e5 7. d5 Na6 8. Bg5 h6 9. Bh4 Qe8 10. Nd2 Nh7 11. a3 h5 12. f3 Bh6 13. Bf2 Qe7 14. b4 f5 15. Qc2 Bd7 16. Rd1 Rae8 17.
c5 Nb8 18. Nc4 Nf6 19. O-O fxe4 20. Nxe4 Nxe4 21. fxe4 Bb5 22. a4 Bxc4 23. Bxc4 Kg7 24. a5 a6 25. Bd3 Rf7 26. Kh1 Ref8 27. Bg1 h4 28. h3 Bf4 29. c6 bxc6 30. dxc6 Bg3 31.
b5 Rxf1 32. Rxf1 Rxf1 33. Bxf1 Qf6 34. Bd3 axb5 35. Bxb5 Qf4 36. a6 Nxa6 37. Bxa6 g5 38. Be2 Qf7 39. Bc4 Qf4 40. Bd5 g4 41. Be6 gxh3 42.
Bxh3 Qf1 43. Bg4 Bf4 44. Qf2 Qc1 45. Be6 Qxc6 46. Bd5 Qc1 47. Qxh4 Be3 48. Qg3+ Bg5 49. Qg4 c6 50. Qd7+ Kh6 51. Qxd6+ Kh5 52. Qxc6 Qe1 53. Qe6 Qh4+ 54. Qh3 Qxh3+ 55. gxh3 1-0

[Event "*** Titled Tuesday Blitz"]
[Site "Chess.com"]
[Date "2021.03.09"]
[Round "7"]
[White "Treacherous_horse64"]
[Black "Manukyan_Artak"]
[Result "1/2-1/2"]
[WhiteElo "2520"]
[BlackElo "2396"]
[TimeControl "180+1"]
[EndTime "11:22:20 PST"]
[Termination "Game drawn by repetition"]

1. d4 Nf6 2. c4 g6 3. Nc3 Bg7 4. g3 O-O 5. Bg2 c6 6. Nf3 d5 7. O-O Ne4 8. cxd5 cxd5 9. Qb3 Nxc3 10. bxc3 Nc6 11. Nd2 e6 12. e4 dxe4 13. Nxe4 e5 14. d5 Na5 15. Qb4 b6 16. Ba3 Ba6 17. Rfd1 f5 18. Nd6 e4 19. Rac1 h5 20. c4 Kh7 21.
Nb5 Rf7 22. Nd4 Bf8 23. Qa4 Bxa3 24. Qxa3 Bxc4 25. Nc6 Nxc6 26. dxc6 Bd3 27. Bf1 Qe7 28.
Qxe7 Rxe7 29. Bxd3 exd3 30. Rxd3 Rc8 31. Rd6 Kg7 32.
Kg2 Kf7 33. f4 Re6 34. Rd7+ Re7 35. Rb7 Rcc7 36. Rb8 Re6 37. Rh8 Kg7 38. Rd8 Rexc6 39. Rxc6 Rxc6 40. Rd7+ Kf6 41. Rxa7 Ke6 42. Kf3 Kd5 43.
h4 Kc4 44. Ke3 b5 45. Kd2 Re6 46. Rd7 b4 47. Rc7+ Kd4 48. Rb7 Kc4 49. Rc7+ Kd4 50. Rd7+ Kc4 51. Rc7+ 1/2-1/2

[Event "*** Titled Tuesday Blitz"]
[Site "Chess.com"]
[Date "2021.03.09"]
[Round "7"]
[White "MuhittinBuker"]
[Black "Barbus89"]
[Result "1-0"]
[WhiteElo "2162"]
[BlackElo "2241"]
[TimeControl "180+1"]
[EndTime "11:22:20 PST"]
[Termination "MuhittinBuker won by checkmate"]

1. d4 Nf6 2. c4 g6 3. Nc3 d5 4.
cxd5 Nxd5 5. e4 Nxc3 6. bxc3 Bg7 7. Bc4 c5 8. Ne2 O-O 9. O-O cxd4 10. cxd4 Nc6 11.
Be3 b6 12. Rc1 Bb7 13. Qd2 Rc8 14. Rfd1 Qd7 15. f3 Rfd8 16. Bb5 a6 17. Bxc6 Rxc6 18. Rxc6 Qxc6 19. d5 Qb5 20. Rc1 e6 21. Rc7 Rd7 22.
Rxd7 Qxd7 23. d6 e5 24. Bxb6 Bf8 25. Bc7 Bc8 26. h3 Qb5 27. Kh2 Bd7 28. Nc3 Qb4 29. Qd3 f5 30. Nd5 Qa4 31. Nf6+ Kg7 32. Nxd7 Qxd7 33. Qxa6 fxe4 34. fxe4 Qf7 35. Qe2 Qe6 36. Qd2 Qd7 37. a4 Qxa4 38. d7 Be7 39. Bxe5+ Kf7 40. Qd5+ Kf8 41. d8=Q+ Bxd8 42. Qxd8+ Kf7 43. Qf6+ Ke8 44.
Qh8+ Kf7 45. Qf6+ Ke8 46. Qe6+ Kd8 47. Bd6 Qa7 48. Qg8+ Kd7 49. Qxh7+ Kxd6 50. Qxa7 Ke5 51. Qe7+ Kf4 52. Qf6+ Kxe4 53. Qxg6+ Kf4 54. h4 Ke5 55. h5 Kf4 56. h6 Ke5 57. h7 Kd4 58. h8=Q+ Ke3 59.
Qf8 Ke2 60. Qe6+ Kd2 61. Qd8+ Kc1 62. Qc6+ Kb1 63. Qb8+ Ka1 64. Qa6# 1-0

[Event "*** Titled Tuesday Blitz"]
[Site "Chess.com"]
[Date "2021.03.09"]
[Round "7"]
[White "Firouzja2003"]
[Black "FairChess_on_YouTube"]
[Result "1-0"]
[WhiteElo "3146"]
[BlackElo "2971"]
[TimeControl "180+1"]
[EndTime "11:22:22 PST"]
[Termination "Firouzja2003 won on time"]

1. e4 c5 2. Nc3 a6 3. g3 b5 4.
Bg2 Bb7 5. Nge2 e6 6. O-O Nf6 7. d3 d6 8. h3 Nbd7 9. f4 b4 10.
Nb1 Be7 11. Nd2 O-O 12. Nf3 c4 13. Be3 Rc8 14. g4 Nc5 15. Ng3 a5 16. g5 Nfd7 17. Rf2 cxd3 18. cxd3 d5 19. Nd4 dxe4 20. dxe4 e5 21. Ndf5 exf4 22. Bxf4 Bxg5 23. Qg4 Ne6 24. Bxg5 Qxg5 25. Qxg5 Nxg5 26. Ne7+ Kh8 27. Nxc8 Bxc8 28.
Rf5 f6 29. h4 Ne6 30. Rxa5 Ne5 31. Ra8 Nc7 32. Rb8 Na6 33. Rb6 Nc4 34. Rc6 Ne5 35. Rc2 Be6 36. b3 Nb8 37. Rd1 Nbd7 38. Rd6 Bg4 39. Rd4 Rb8 40. Rxb4 Ra8 41. Ra4 Rd8 42.
Rd4 h5 43. Nf5 Ra8 44. a4 g6 45. Ne3 Be6 46. Nd5 g5 47. Rc3 Rg8 48. hxg5 fxg5 49. Ne7 Re8 50. Nf5 h4 51. a5 Nf6 52. a6 Ra8 53.
Rd6 Bxf5 54. exf5 1-0

[Event "*** Titled Tuesday Blitz"]
[Site "Chess.com"]
[Date "2021.03.09"]
[Round "7"]
[White "SARGISMV"]
[Black "Lestofante90"]
[Result "0-1"]
[WhiteElo "2464"]
[BlackElo "2720"]
[TimeControl "180+1"]
[EndTime "11:22:23 PST"]
[Termination "Lestofante90 won by checkmate"]

1. d4 Nf6 2. c4 e6 3. Nc3 Bb4 4. e3 O-O 5. Ne2 c6 6. Ng3 d5 7. Bd3 Nbd7 8. O-O dxc4 9. Bxc4 e5 10. a3 Ba5 11. Ba2 Bc7 12. e4 exd4 13. Qxd4 Ne5 14. Qxd8 Rxd8 15. Bg5 Be6 16. Bxe6 fxe6 17. Rad1 Nc4 18.
Bc1 Be5 19. Nge2 Bc7 20. h3 e5 21. b3 b5 22. bxc4 bxc4 23. Be3 Bb6 24. Rxd8+ Rxd8 25.
Bxb6 axb6 26. a4 Ra8 27. Rb1 Ra6 28. Rb4 Nd7 29. Rxc4 Nc5 30. g3 Kf7 31. Kg2 Ke6 32. f4 Kd6 33. Kf3 Nb3 34. Rb4 Nc5 35. Rb1 g6 36.
Rd1+ Ke6 37. Rd8 Nxa4 38. Nxa4 Rxa4 39. Rb8 b5 40. Rb7 Ra3+ 41. Kg4 Re3 42. Ng1 Rxe4 43. Nf3 Kd5 44. Nxe5 b4 45. Rxh7 c5 46. Rb7 Re3 47. h4 b3 48. Kg5 Rxg3+ 49. Kf6 c4 50. Nxg6 Rg2 51. f5 b2 52. Nf4+ Kd4 53. Ne6+ Ke3 54. Nc5 c3 55. Rb3 Kd4 56. Na4 c2 57. Rxb2 c1=Q 58. Rxg2 Qc6+ 59. Kf7 Qxg2 60. f6 Qa2+ 61. Kg7 Qxa4 62. f7 Qd7 63. Kg8 Qe6 64. Kg7 Qe7 65.
h5 Ke5 66. h6 Qg5+ 67. Kh7 Qf6 68. f8=Q Qxf8 69. Kg6 Qh8 70. h7 Qf6+ 71. Kh5 Kf5 72. h8=Q Qg5# 0-1

[Event "*** Titled Tuesday Blitz"]
[Site "Chess.com"]
[Date "2021.03.09"]
[Round "7"]
[White "hansen"]
[Black "azikom"]
[Result "1-0"]
[WhiteElo "2856"]
[BlackElo "2640"]
[TimeControl "180+1"]
[EndTime "11:22:24 PST"]
[Termination "hansen won on time"]

1. e4 e5 2. Nf3 Nc6 3. Bb5 a6 4. Ba4 Nge7 5. O-O d6 6. c3 Bd7 7. d4 Ng6 8. Be3 Be7 9. Nbd2 O-O 10.
Re1 h6 11. h3 Kh8 12. Bc2 Nh4 13. Nxh4 Bxh4 14. Nf3 Bf6 15. Qd2 Kg8 16. Rad1 Re8 17.
b4 Qc8 18. Kh2 Rd8 19. d5 Ne7 20. c4 Ng6 21. c5 c6 22. Bb3 cxd5 23. exd5 Bf5 24.
Rc1 Be4 25. cxd6 Qf5 26. Ng1 Nh4 27. f3 Bd3 28. Rcd1 e4 29. f4 Rxd6 30. g3 Ng6 31. Bc5 Rdd8 32. Ne2 Ne7 33. Bxe7 Bxe7 34. Nc1 Bd6 35.
Nxd3 exd3 36. a3 a5 37. bxa5 Bxa3 38. Bc4 Bd6 39. Bxd3 Qf6 40. Rb1 Rd7 41. Rb5 g6 42. Kg2 Kg7 43. Be4 h5 44. h4 Rc8 45. Re2 Rdc7 46.
Rb6 Qd8 47. Qd4+ 1-0

[Event "*** Titled Tuesday Blitz"]
[Site "Chess.com"]
[Date "2021.03.09"]
[Round "7"]
[White "mikolka1985"]
[Black "pastouche06"]
[Result "1-0"]
[WhiteElo "2693"]
[BlackElo "2551"]
[TimeControl "180+1"]
[EndTime "11:22:24 PST"]
[Termination "mikolka1985 won by checkmate"]

1. d4 d5 2. c4 e6 3. Nc3 a6 4. cxd5 exd5 5. Nf3 Nf6 6. Bf4 Bd6 7. e3 O-O 8. Bg5 Be6 9. Bd3 Nbd7 10. O-O c6 11. h3 Qc7 12. Qd2 h6 13. Bf4 Rfe8 14. Rac1 Re7 15.
Rfe1 g5 16. Bxd6 Qxd6 17. Qc2 Rae8 18. Ne2 g4 19. hxg4 Bxg4 20. Nh2 Bxe2 21. Rxe2 Kh8 22. Bf5 Rg8 23. Bh3 Ne4 24. Rce1 f6 25. Nf3 Reg7 26.
Nh4 Rg5 27. Nf5 Qf8 28. f3 Nd6 29. e4 dxe4 30. fxe4 Nxf5 31. Bxf5 Qd6 32. Qc3 Nf8 33. e5 Qd5 34. Be4 Qe6 35. Bf3 fxe5 36. Rxe5 Qf6 37.
Qb3 Rg3 38. Rf1 Ng6 39. Re4 Nf4 40. Qc2 Qh4 41. Rxf4 Qxf4 42. Qc3 Qf6 43. a3 h5 44.
Qd2 h4 45. Bd5 Qxf1+ 46. Kxf1 cxd5 47. Qh6# 1-0

[Event "*** Titled Tuesday Blitz"]
[Site "Chess.com"]
[Date "2021.03.09"]
[Round "7"]
[White "PaulfromSPb"]
[Black "vugarrasulov"]
[Result "1-0"]
[WhiteElo "2732"]
[BlackElo "2847"]
[TimeControl "180+1"]
[EndTime "11:22:25 PST"]
[Termination "PaulfromSPb won by checkmate"]

1. e4 e6 2. d4 d5 3. Nd2 Be7 4. e5 c5 5. Qg4 Kf8 6. dxc5 a5 7. Ndf3 Nd7 8. Qf4 Nh6 9. Ne2 Nf5 10. g4 Nh6 11.
Be3 Nxc5 12. Nc3 a4 13. h4 a3 14. b3 Qa5 15. Bd2 Qc7 16. Rd1 Bd7 17. Nd4 Ke8 18.
g5 Ng8 19. Ndb5 Qb6 20. Rg1 Ne4 21. Nxe4 Bxb5 22. Nd6+ Bxd6 23. exd6 Bxf1 24. Kxf1 Rd8 25. Bc3 d4 26. Qxd4 Qxd4 27. Rxd4 f6 28. Ke2 h6 29.
gxf6 gxf6 30. Rg7 Rd7 31. Rxd7 Kxd7 32. Rb4 Kxd6 33. Rxb7 e5 34. Bb4+ Ke6 35. Rb8 h5 36. Bxa3 Kf7 37. Bc5 Rh6 38. a4 Rg6 39. a5 Rg1 40. a6 Ra1 41. a7 Nh6 42. a8=Q Rxa8 43. Rxa8 Nf5 44. Ra7+ Kg6 45. b4 Nxh4 46. b5 Nf5 47.
Be3 h4 48. Ra8 Nd6 49. b6 f5 50. Rg8+ Kf7 51. Rd8 Ke6 52. Bc5 Nb7 53. Rc8 h3 54. Bb4 f4 55. Rh8 Kf5 56. f3 e4 57. Rh5+ Kg6 58.
Rxh3 Nd8 59. fxe4 Nc6 60. Bc5 Ne5 61. Bd4 Nd7 62. b7 f3+ 63. Kxf3 Ne5+ 64. Bxe5 Kf7 65. b8=Q Ke6 66. Qd6+ Kf7 67. Rh7+ Ke8 68. Qe7# 1-0

[Event "*** Titled Tuesday Blitz"]
[Site "Chess.com"]
[Date "2021.03.09"]
[Round "7"]
[White "BeanScreen"]
[Black "Pilopa"]
[Result "0-1"]
[WhiteElo "2669"]
[BlackElo "2566"]
[TimeControl "180+1"]
[EndTime "11:22:25 PST"]
[Termination "Pilopa won on time"]

1. e4 Nc6 2. Nf3 d6 3. d4 Nf6 4. Nc3 g6 5. Bb5 a6 6. Bxc6+ bxc6 7. Qd3 Bg7 8. Qc4 Bb7 9. O-O O-O 10. Bf4 a5 11.
Rfe1 Qd7 12. e5 Nd5 13. Nxd5 cxd5 14. Qe2 Rfe8 15. Rad1 a4 16. Ng5 Qf5 17. Qe3 a3 18. b3 c5 19. c3 cxd4 20. cxd4 dxe5 21. dxe5 Rac8 22. e6 f6 23. Nf3 g5 24. Bg3 h5 25.
Nd4 Qe4 26. h4 Qxe3 27. Rxe3 g4 28. Bf4 Kh7 29. Nf5 Kg6 30. Nd4 Ba6 31. Rd2 Rc1+ 32. Kh2 Rec8 33. f3 Rf1 34. b4 Bc4 35. Rxa3 f5 36. Ra7 Bf6 37. Bg5 Be5+ 38. f4 Bxf4+ 39. Bxf4 Rxf4 40. Rxe7 Rf1 41. Ne2 f4 42. Nxf4+ Rxf4 43.
Kg3 Re4 44. Rf2 Rc6 45. Rf8 Rexe6 46. Rg8+ Kf6 47. Rh7 Ke5 48. Rxh5+ Kd4 49. Rxg4+ Re4 50. Rxe4+ dxe4 0-1

[Event "*** Titled Tuesday Blitz"]
[Site "Chess.com"]
[Date "2021.03.09"]
[Round "7"]
[White "ymoy"]
[Black "Arvids_Andrejevs"]
[Result "1/2-1/2"]
[WhiteElo "2608"]
[BlackElo "2428"]
[TimeControl "180+1"]
[EndTime "11:22:26 PST"]
[Termination "Game drawn - insufficient material"]

1. e4 e5 2. Nf3 Nc6 3. d4 exd4 4. Bc4 Nf6 5. e5 d5 6. Bb5 Ne4 7. Nxd4 Bc5 8. Be3 O-O 9. Nxc6 bxc6 10. Bxc5 Nxc5 11.
Bxc6 Rb8 12. Qxd5 Qxd5 13. Bxd5 Rxb2 14. Na3 Re8 15. O-O-O Rb4 16. Rhe1 g5 17. Bc6 Rf8 18. Re3 Be6 19. Bd5 Rfb8 20. Rc3 Bxd5 21. Rxd5 Ne6 22. Rb3 Kg7 23. g3 Kg6 24. Kb2 c5 25. c3 R4b7 26. Nc4 a6 27. f3 h5 28. Rd6 Kf5 29. Rxa6 Rxb3+ 30. axb3 Rd8 31. Nd6+ Kg6 32. f4 gxf4 33. gxf4 Kg7 34. f5 Ng5 35. Ra7 Kg8 36. Rc7 Nf3 37.
Rc8 Rxc8 38. Nxc8 Nxe5 39. b4 cxb4 40. cxb4 Kf8 41. b5 Ke8 42. Nd6+ Kd7 43. Ne4 Ng4 44. h4 Ne3 45. f6 Nf5 46. Ng5 Nxh4 47. Nxf7 Ng6 48.
Ng5 h4 49. Kb3 Ne5 50. Kb4 Kc7 51. Kc5 Nd7+ 52. Kd5 Nxf6+ 53. Ke6 Ng4 54. Kf5 Nf2 55. Kf4 h3 56. Nxh3 Nxh3+ 57. Kg3 Kb6 58. Kg4 Kxb5 1/2-1/2

[Event "*** Titled Tuesday Blitz"]
[Site "Chess.com"]
[Date "2021.03.09"]
[Round "7"]
[White "jovencata"]
[Black "FMOlexandrProhorov"]
[Result "1-0"]
[WhiteElo "2167"]
[BlackElo "2098"]
[TimeControl "180+1"]
[EndTime "11:22:26 PST"]
[Termination "jovencata won by checkmate"]

1. Nf3 c5 2. g3 Nc6 3. Bg2 Nf6 4. O-O g6 5. c3 Bg7 6. d4 cxd4 7. cxd4 d5 8. Nc3 O-O 9. Ne5 Bf5 10. Nxc6 bxc6 11. b3 Nd7 12. Ba3 Re8 13. Rc1 e5 14. e3 Qa5 15. Na4 Rac8 16. Bc5 h5 17. h4 Bg4 18. Qe1 Qa6 19. Qc3 Bf6 20. Rfe1 g5 21. Bf1 Qb7 22.
hxg5 Bxg5 23. Qa5 Nxc5 24. Nxc5 Qe7 25. dxe5 h4 26. Qa4 Bf3 27. gxh4 Bxh4 28. Qf4 Bh5 29. Nd3 Kh8 30. Bh3 Rg8+ 31. Kh2 Rg6 32. Bxc8 Bg5 33. Qf5 Rh6 34. Kg2 Bg6 35. Rh1 Bxf5 36. Bxf5 Kg7 37.
f4 Rxh1 38. Rxh1 Bh4 39. Kf3 c5 40. Nf2 d4 41. e4 d3 42. Nxd3 Qd8 43. Rd1 Be7 44.
Nf2 Qa5 45. Rg1+ Kf8 46. Rh1 Ke8 47. Rh8+ Bf8 48. Ng4 Qc3+ 49. Kg2 Qd2+ 50. Kh3 Qxf4 51. Nf6+ Kd8 52. Rxf8+ Ke7 53. Re8# 1-0

[Event "*** Titled Tuesday Blitz"]
[Site "Chess.com"]
[Date "2021.03.09"]
[Round "7"]
[White "ErikBlomqvist"]
[Black "esapunov"]
[Result "1-0"]
[WhiteElo "2596"]
[BlackElo "2727"]
[TimeControl "180+1"]
[EndTime "11:22:29 PST"]
[Termination "ErikBlomqvist won by resignation"]

1. e4 c5 2. Nf3 d6 3. Bb5+ Nd7 4. a4 e6 5. O-O Nf6 6. Nc3 Be7 7. d4 cxd4 8. Qxd4 O-O 9. Rd1 Qc7 10. h3 Ne5 11. Be2 a6 12. Be3 Nfd7 13. a5 Rd8 14. Nxe5 Nxe5 15.
Na4 Bd7 16. Nb6 Rab8 17. c4 Be8 18. b4 Nd7 19. Qd2 Nf6 20. Bd3 Bc6 21. Qc2 Be8 22. Rac1 Nd7 23. Be2 h6 24. Qb3 Bf6 25. Rd2 Bg5 26.
Rcd1 Bxe3 27. Qxe3 Nxb6 28. axb6 Qe7 29. Qf4 e5 30.
Qe3 Rbc8 31. c5 dxc5 32. Rxd8 Rxd8 33. bxc5 Bc6 34. Rxd8+ Qxd8 35. Bc4 Qd1+ 36. Kh2 a5 37. Qc3 Qd4 38. Qxd4 exd4 39. f3 g5 40. Kg1 Kg7 41.
Kf2 Kf6 42. Ke2 h5 43. Kd3 Ke5 44. h4 gxh4 45. Bxf7 h3 46. gxh3 h4 47. f4+ Kxf4 48. Kxd4 Kg3 49. Bd5 Bd7 50. Bxb7 Bxh3 51. Bd5 Bc8 52.
c6 h3 53. b7 Bxb7 54. cxb7 h2 55. b8=Q+ 1-0

[Event "*** Titled Tuesday Blitz"]
[Site "Chess.com"]
[Date "2021.03.09"]
[Round "7"]
[White "mr65"]
[Black "djano"]
[Result "0-1"]
[WhiteElo "2102"]
[BlackElo "2472"]
[TimeControl "180+1"]
[EndTime "11:22:29 PST"]
[Termination "djano won by checkmate"]

1. e4 c5 2. Nf3 e6 3. d4 cxd4 4. c3 d3 5. Bxd3 Nc6 6. O-O g6 7. c4 Bg7 8. Nc3 a6 9. Be3 Nge7 10. Qd2 f5 11. Bh6 O-O 12. Bxg7 Kxg7 13. exf5 Nxf5 14. Bxf5 gxf5 15. Rad1 Qf6 16. Rfe1 Rb8 17. Nd4 Ne5 18. b3 Ng6 19. Nf3 b5 20. cxb5 axb5 21. Qd4 b4 22.
Qxf6+ Kxf6 23. Na4 Rf7 24. Rd6 Ke7 25. Rb6 Rxb6 26.
Nxb6 Bb7 27. Nd4 Nf4 28. f3 Rf8 29. g3 Nd3 30. Re3 Nc5 31. Nc2 f4 32. Re5 Nd3 33. Rh5 Rf7 34. gxf4 Nxf4 35. Rh4 e5 36. Nxb4 Bxf3 37.
a4 d5 38. a5 d4 39. a6 d3 40. Rxf4 Rxf4 41. Nxd3 Rg4+ 42. Kf2 e4 43. Ne1 Rg6 44. Nxf3 Rxb6 45. Ne5 Rxa6 46. Ke3 Rh6 47. Kxe4 Rxh2 48.
b4 Rb2 49. Nd3 Rb1 50. Kf4 Rb3 51. Ne5 Rxb4+ 52. Kg5 Rb5 53. Kf4 Ke6 54. Ng4 h5 55. Ne3 Kf6 56. Kg3 Kg5 57. Ng2 Rb3+ 58. Kh2 h4 59. Ne1 Kg4 60. Ng2 Rb2 61. Kh1 Kg3 62. Ne3 Rb1+ 63. Nd1 Rxd1# 0-1

[Event "*** Titled Tuesday Blitz"]
[Site "Chess.com"]
[Date "2021.03.09"]
[Round "7"]
[White "KhamzinOlzhas"]
[Black "Goryachkina"]
[Result "1/2-1/2"]
[WhiteElo "2552"]
[BlackElo "2671"]
[TimeControl "180+1"]
[EndTime "11:22:30 PST"]
[Termination "Game drawn by repetition"]

1. e4 c5 2. Nc3 Nc6 3. g3 g6 4.
Bg2 Bg7 5. d3 d6 6. Nge2 e6 7.
Be3 Nd4 8. Kd2 Ne7 9. a4 Qa5 10.
Kc1 Nxe2+ 11. Nxe2 Bd7 12. Bd2 Qa6 13. Bc3 e5 14. h4 b5 15. h5 b4 16. Bd2 b3 17.
c4 Rb8 18. Bg5 Nc6 19. h6 Bf8 20. Bf6 Rg8 21. Nc3 Nb4 22. Ra3 Be7 23. Bxe7 Kxe7 24. Bh3 Bc6 25. Nb5 Qb7 26. f4 f6 27. Rf1 a6 28.
Nc3 Na2+ 29. Nxa2 bxa2 30. b3 Bd7 31. Bxd7 Qxd7 32. Kb2 Qh3 33. Qf3 Rgf8 34. Rxa2 Qxh6 35. Ka3 Rb4 36. Rh1 Qg7 37. Rah2 h5 38. f5 Rfb8 39.
Rb1 g5 40. Rxh5 Kd7 41. Qh1 Kc6 42. Rh7 Qg8 43. a5 Qd8 44. Qd1 Qxa5+ 45. Kb2 Rxb3+ 46.
Qxb3 Rxb3+ 47. Kxb3 Qd2 48. Ka4 Qc2+ 49. Rb3 Qa2+ 50. Ra3 Qc2+ 51. Rb3 Qa2+ 52. Ra3 Qc2+ 53. Rb3 1/2-1/2

[Event "*** Titled Tuesday Blitz"]
[Site "Chess.com"]
[Date "2021.03.09"]
[Round "7"]
[White "Geller_Jakov"]
[Black "Alexandr_Kholin"]
[Result "1-0"]
[WhiteElo "2633"]
[BlackElo "2473"]
[TimeControl "180+1"]
[EndTime "11:22:30 PST"]
[Termination "Geller_Jakov won by resignation"]

1. e4 c6 2. d4 d5 3. exd5 cxd5 4. c3 Nf6 5. Bf4 Bf5 6. Bd3 Bxd3 7. Qxd3 Nc6 8. Nf3 e6 9. Nbd2 Bd6 10. Bxd6 Qxd6 11. O-O O-O 12. Rfe1 Nd7 13. Re3 h6 14. h4 Rfe8 15.
Rae1 b5 16. b4 a5 17. a3 axb4 18. axb4 Qb8 19. Nb3 Ra3 20. Qb1 Qc7 21. Nc5 Nxc5 22. dxc5 Rea8 23. Nd4 Nxd4 24. cxd4 Qf4 25. Rxa3 Rxa3 26.
Qc1 Qxc1 27. Rxc1 Kf8 28. c6 Ra8 29. Rc5 Rc8 30. Kf1 Ke7 31. Rxb5 Rxc6 32. Rb7+ Kf6 33. Ke2 g5 34. h5 Rc2+ 35. Ke3 Rb2 36. g4 Rb1 37. Kd3 Rb2 38. Kc3 Rxf2 39. b5 Rf1 40. Kb4 Rb1+ 41. Kc5 Rc1+ 42. Kd6 Rd1 43. Ra7 Rxd4 44. b6 Rxg4 45. Kc5 Rc4+ 46. Kb5 Rc1 47. Ra4 Rc8 48. b7 Rb8 49. Kc6 Ke5 50. Ra8 Rxb7 51. Kxb7 g4 52. Kc6 f5 53. Rh8 g3 54. Rxh6 f4 55. Rg6 Kf5 56. Rg8 d4 57. h6 g2 58. h7 f3 59. h8=Q 1-0

[Event "*** Titled Tuesday Blitz"]
[Site "Chess.com"]
[Date "2021.03.09"]
[Round "7"]
[White "NikolaN98"]
[Black "Abund"]
[Result "0-1"]
[WhiteElo "2524"]
[BlackElo "2653"]
[TimeControl "180+1"]
[EndTime "11:22:31 PST"]
[Termination "Abund won by resignation"]

1. e4 c5 2. Nc3 d6 3. f4 g6 4.
Nf3 Bg7 5. Bb5+ Bd7 6. Bc4 Nc6 7. O-O e6 8. d3 Nge7 9. Qe1 O-O 10. Qh4 Nd4 11.
f5 gxf5 12. Bg5 f6 13. Bh6 Ng6 14. Qh5 fxe4 15. dxe4 Qe7 16. Rad1 Ne5 17. Nxd4 cxd4 18. Rxd4 d5 19. exd5 Qc5 20. Rf4 Be8 21. Qh3 Nxc4 22. Rg4 Bg6 23. Na4 Qa5 24. Rd1 Qxa4 25. Bxg7 Kxg7 26. b3 Qd7 27. Rxc4 Rad8 28. Qe3 exd5 29. Rh4 Kg8 30. Qh6 Qg7 31. Qd2 Rfe8 32. Rg4 Qf7 33. h4 Kh8 34. Rg3 Be4 35. Rf1 Rg8 36. Rxg8+ Rxg8 37. Rf2 Qg6 38. Qd4 Kg7 39. Kh1 h5 40. Kg1 Re8 41.
Kf1 Re5 42. c4 Rf5 43. cxd5 Qxg2+ 44. Ke1 Qg1+ 45. Ke2 Rxf2+ 46. Qxf2 Qxf2+ 47. Kxf2 Bxd5 48. Ke3 Bc6 49. Kd4 Kg6 0-1

[Event "*** Titled Tuesday Blitz"]
[Site "Chess.com"]
[Date "2021.03.09"]
[Round "7"]
[White "jannat65"]
[Black "paulrusan"]
[Result "0-1"]
[WhiteElo "1961"]
[BlackElo "2313"]
[TimeControl "180+1"]
[EndTime "11:22:33 PST"]
[Termination "paulrusan won by resignation"]

1. e4 c5 2. Nf3 Nc6 3. d4 cxd4 4.
Nxd4 e5 5. Nb5 d6 6. N1c3 a6 7. Na3 b5 8. Nd5 Nf6 9. Bg5 Be7 10. Bxf6 Bxf6 11. c3 Rb8 12. Nc2 Bg5 13. a4 bxa4 14.
Ncb4 Nxb4 15. Nxb4 Bd7 16. Qxd6 Be7 17. Qxe5 O-O 18.
Qd4 a5 19. Nd3 Qc7 20. Be2 Rfd8 21. Qe3 Bb5 22. O-O Bxd3 23. Bxd3 Rxb2 24. Rxa4 Qxc3 25. Rd1 Bc5 26. Qh3 Qxd3 27. Qxd3 Rxd3 28. Rc1 Bxf2+ 29. Kh1 g5 30. Rxa5 h6 31. Ra6 Kg7 32. h3 Bg3 33. Rg1 Re3 34. Rf1 Rxe4 35. Ra7 Rf4 36. Rg1 Kg6 37. Ra6+ f6 38. Rc6 Rff2 39. Rcc1 h5 40. Rcd1 g4 41. hxg4 hxg4 42. Rd4 f5 43. Rd3 f4 44. Rd6+ Kf5 45. Rd5+ Ke6 46. Rg5 Rb8 47. Rh5 Kf6 48. Rh6+ Kg5 49. Rh7 Kg6 50. Rd1 Kxh7 51. Rd7+ Kg6 52. Rd6+ Kf5 53. Rd5+ Ke6 0-1